Map: 블랙번 - 래더

Players

Nice

  • Race: Protoss Protoss

Creator - Winner!

  • Race: Protoss Protoss

Event: DreamHack SC2 Masters Last Chance 2022

VOD

Have the link to the VOD?

Description

Time

  • Played on: Dec. 15, 2021, 4:30 a.m.
  • Length: 15:16

All games in this series

Show
View Real Time Build Order
Export as new Build Order

Nice Protoss 

Build Orders: Blink Stalkers 

Get SALT Encoding   

  12  0:00  Probe  
  13  0:12  Probe  
  14  0:19  Pylon  
  14  0:24  Probe  
  15  0:38  Gateway, Probe (Chrono Boost)  
  16  0:48  Probe (Chrono Boost)  
  16  0:49  Assimilator  
  17  0:53  Probe (Chrono Boost)  
  19  1:04  Probe (Chrono Boost)  
  19  1:08  Assimilator  
  19  1:10  Pylon  
  19  1:15  Probe (Chrono Boost)  
  20  1:19  Probe (Chrono Boost)  
  21  1:27  Cybernetics Core  
  21  1:29  Zealot  
  23  1:33  Probe  
  24  1:45  Probe  
  25  1:57  Probe  
  26  2:02  Stalker (Chrono Boost)  
  26  2:03  Warp Gate  
  28  2:35  Stargate  
  28  2:36  Nexus  
  28  2:39  Probe  
  28  2:42  Pylon  
  29  2:51  Probe  
  30  2:54  Shield Battery  
  30  3:03  Probe (Chrono Boost)  
  31  3:05  Twilight Council  
  31  3:06  Stalker  
  32  3:15  Probe (Chrono Boost)  
  33  3:24  Probe (Chrono Boost)  
  33  3:25  Gateway  
  34  3:29  Probe  
  34  3:33  Blink (Chrono Boost)  
  35  3:41  Probe  
  36  3:51  Stalker  
  36  3:53  Probe  
  39  3:57  Probe  
  40  4:05  Probe  
  40  4:09  Gateway, Probe  
  41  4:18  Probe  
  41  4:21  Probe  
  42  4:25  Stalker x2  
  42  4:30  Probe  
  46  4:33  Probe  
  47  4:39  Pylon  
  47  4:42  Probe  
  47  4:46  Probe  
  47  4:48  Stalker x2  
  47  4:49  Pylon  
  52  4:54  Probe  
  52  4:58  Probe  
  54  5:05  Stalker  
  54  5:06  Probe  
  57  5:10  Probe  
  58  5:18  Probe  
  58  5:19  Nexus  
  59  5:21  Robotics Facility  
  59  5:24  Sentry x2  
  59  5:25  Probe  
  64  5:29  Sentry  
  64  5:30  Probe  
  67  5:37  Probe  
  60  5:51  Stalker x2  
  60  5:52  Stalker, Probe x2  
  60  5:54  Shield Battery  
  68  5:57  Assimilator  
  68  6:02  Forge  
  68  6:04  Probe x2  
  70  6:11  Phoenix  
  70  6:12  Pylon  
  70  6:19  Pylon  
  70  6:24  Pylon  
  70  6:27  Forge  
  70  6:28  Probe (Chrono Boost)  
  70  6:30  Observer, Probe (Chrono Boost)  
  72  6:34  Stalker x3  
  72  6:35  Probe (Chrono Boost)  
  72  6:36  Protoss Ground Weapons Level 1 (Chrono Boost)  
  80  6:40  Probe (Chrono Boost)  
  80  6:42  Probe (Chrono Boost)  
  80  6:46  Probe (Chrono Boost)  
  82  6:47  Photon Cannon  
  82  6:48  Probe (Chrono Boost)  
  82  6:49  Photon Cannon, Probe (Chrono Boost)  
  82  6:51  Probe (Chrono Boost)  
  85  6:54  Probe  
  85  6:57  Probe  
  87  7:02  Probe  
  87  7:05  Gateway  
  87  7:06  Probe  
  89  7:09  Gateway, Probe  
  89  7:14  Gateway  
  91  7:19  Stalker x2  
  91  7:20  Stalker  
  96  7:23  Gateway  
  96  7:24  Charge  
  96  7:44  Probe x2  
  98  7:45  Stalker  
  98  7:46  Stalker x2  
  104  7:52  Nexus  
  104  7:53  Pylon  
  104  7:54  Gateway  
  104  7:57  Warp Prism, Pylon  
  105  8:02  Pylon  
  104  8:13  Stalker x2  
  104  8:17  Nexus  
  108  8:20  Stalker x5  
  108  8:24  Probe x3  
  121  8:30  Pylon  
  121  8:31  Gateway  
  121  8:36  Probe  
  118  8:57  Stalker x2  
  118  8:58  Stalker x5  
  118  9:00  Probe  
  118  9:01  Photon Cannon  
  133  9:06  Photon Cannon  
  133  9:08  Pylon  
  133  9:09  Pylon  
  133  9:10  Probe x2, Protoss Ground Weapons Level 2 (Chrono Boost)  
  133  9:16  Pylon x2  
  133  9:17  Assimilator  
  133  9:22  Probe, Pylon  
  133  9:23  Pylon  
  133  9:27  Stalker  
  131  9:33  Stalker x2  
  133  9:39  Observer  
  133  9:42  Stalker  
  133  9:43  Zealot x4  
  133  9:44  Zealot  
  145  9:53  Shield Battery  
  145  9:55  Pylon  
  144  10:03  Stalker x2  
  144  10:04  Stalker x2, Zealot x2  
  144  10:05  Zealot  
  158  10:08  Assimilator  
  158  10:15  Stalker x2  
  158  10:20  Observer  
  162  10:24  Gateway  
  162  10:27  Gateway  
  162  10:34  Probe x3  
  163  10:36  Assimilator  
  163  10:40  Stalker  
  163  10:41  Stalker x2  
  163  10:42  Zealot x6  
  179  10:46  Observer  
  176  10:57  Nexus  
  176  10:59  Pylon  
  176  11:08  Zealot x5  
  176  11:09  Zealot x3  
  171  11:17  Warp Prism  
  127  11:28  Protoss Ground Weapons Level 3 (Chrono Boost)  
  127  11:32  Stalker x3  
  117  11:33  Stalker x4  
  117  11:34  Stalker  
  121  11:49  Stalker x2  
  121  11:50  Stalker  
  127  11:57  Stalker  
  127  11:58  Stalker x4  
  135  12:07  Stalker x3  
  139  12:13  Observer  
  104  12:23  Stalker x3  
  104  12:24  Stalker x3  
  104  12:29  Stalker x2  
  114  12:33  Dark Shrine  
  114  12:43  Stalker x3  
  120  12:47  Probe x5  
  120  12:49  Stalker  
  124  12:54  Stalker  
  124  12:59  Probe x2  
  124  13:06  Stalker  
  124  13:16  Stalker x3  
  124  13:17  Stalker x3  
  124  13:18  Observer (Chrono Boost)  
  130  13:21  Stalker x2  
  134  13:29  Shield Battery  
  134  13:36  Warp Prism (Chrono Boost)  
  136  13:48  Dark Templar x2  
  140  13:51  Stalker  
  140  13:52  Stalker x4  
  140  13:54  Probe x2  
  152  13:56  Assimilator, Probe  
  152  13:57  Probe  
  154  14:03  Probe  
  151  14:14  Stalker x3  
  151  14:15  Stalker x3  
  159  14:24  Shield Battery  
  157  14:26  Zealot x4  
  147  14:42  Stalker x4  
  147  14:43  Stalker  
  139  14:46  Zealot x2  
  139  14:52  Zealot x2  
  123  14:54  Zealot  
  123  14:58  Dark Templar  
  89  15:05  Dark Templar  
  67  15:10  Stalker x2  
Show
View Real Time Build Order
Export as new Build Order

Creator Protoss - Winner!

Build Orders: Phoenix Opening 

Get SALT Encoding   

  12  0:00  Probe  
  13  0:12  Probe  
  14  0:19  Pylon  
  14  0:24  Probe  
  15  0:37  Probe (Chrono Boost)  
  15  0:38  Gateway  
  16  0:47  Assimilator, Probe (Chrono Boost)  
  17  0:52  Probe (Chrono Boost)  
  18  1:01  Assimilator  
  18  1:04  Probe (Chrono Boost)  
  19  1:08  Pylon  
  19  1:15  Probe (Chrono Boost)  
  20  1:20  Probe (Chrono Boost)  
  21  1:27  Cybernetics Core  
  21  1:30  Probe  
  21  1:32  Zealot  
  24  1:42  Probe  
  25  1:54  Probe  
  26  2:07  Stargate  
  26  2:18  Nexus  
  26  2:26  Probe  
  27  2:30  Stalker  
  27  2:36  Pylon  
  28  2:39  Warp Gate  
  28  2:47  Shield Battery  
  28  2:54  Phoenix (Chrono Boost)  
  31  2:58  Probe  
  31  3:10  Phoenix (Chrono Boost)  
  31  3:12  Probe  
  34  3:25  Probe (Chrono Boost)  
  35  3:27  Phoenix (Chrono Boost)  
  35  3:32  Probe (Chrono Boost)  
  39  3:43  Probe x2 (Chrono Boost)  
  40  3:48  Twilight Council, Probe (Chrono Boost)  
  40  3:50  Probe (Chrono Boost)  
  40  3:55  Phoenix  
  44  3:58  Probe  
  44  4:02  Probe  
  46  4:07  Pylon  
  46  4:10  Probe  
  46  4:14  Probe  
  48  4:22  Probe  
  48  4:23  Gateway  
  49  4:26  Probe  
  49  4:27  Blink  
  50  4:32  Phoenix  
  50  4:36  Pylon  
  50  4:37  Probe  
  50  4:38  Probe  
  54  4:46  Stalker  
  54  4:51  Probe x2  
  58  4:59  Gateway  
  58  5:00  Forge  
  58  5:04  Probe x2  
  58  5:06  Assimilator x2  
  60  5:09  Stalker  
  62  5:16  Probe  
  62  5:17  Probe  
  62  5:20  Stalker  
  66  5:30  Nexus  
  66  5:34  Protoss Ground Weapons Level 1  
  62  5:50  Stalker x2  
  62  5:55  Probe x2, Pylon  
  68  5:59  Pylon  
  68  6:04  Robotics Facility  
  68  6:07  Gateway  
  68  6:08  Pylon  
  68  6:12  Stalker, Pylon  
  68  6:14  Stalker  
  68  6:15  Stalker  
  74  6:19  Probe x2 (Chrono Boost)  
  76  6:29  Probe x2 (Chrono Boost)  
  78  6:33  Charge  
  78  6:34  Probe x2 (Chrono Boost)  
  78  6:36  Sentry, Shield Battery  
  78  6:39  Stalker  
  84  6:42  Probe (Chrono Boost)  
  84  6:45  Probe x2 (Chrono Boost)  
  87  6:50  Stalker  
  87  6:51  Probe (Chrono Boost)  
  87  6:52  Observer, Probe x2 (Chrono Boost)  
  93  6:56  Photon Cannon, Probe (Chrono Boost)  
  93  6:59  Probe x2  
  96  7:09  Gateway  
  96  7:11  Gateway  
  96  7:14  Immortal  
  100  7:16  Assimilator  
  100  7:17  Assimilator  
  100  7:20  Probe x3  
  103  7:24  Pylon  
  103  7:43  Probe x3  
  102  7:44  Protoss Ground Weapons Level 2 (Chrono Boost)  
  102  7:53  Nexus  
  102  7:55  Gateway  
  102  7:56  Gateway  
  102  7:57  Probe, Templar Archives  
  102  7:58  Probe x2, Pylon  
  105  8:00  Pylon x2  
  105  8:01  Zealot, Sentry x2  
  111  8:12  Immortal  
  111  8:14  Gateway  
  111  8:15  Gateway  
  111  8:16  Probe x3  
  111  8:18  Gateway  
  114  8:25  Stalker  
  120  8:27  Stalker  
  121  8:37  Stalker x3  
  122  8:50  High Templar x2  
  122  8:51  Shield Battery  
  122  8:53  Shield Battery  
  122  8:54  Archon  
  119  9:02  Stalker x2  
  121  9:08  Stalker  
  123  9:12  Stalker x2  
  123  9:14  Stalker x3  
  123  9:15  Stalker  
  135  9:29  Stalker x4  
  134  9:43  Zealot x6  
  144  9:49  Warp Prism  
  144  10:00  Pylon  
  144  10:03  Protoss Ground Weapons Level 3 (Chrono Boost)  
  144  10:06  Nexus, Sentry x2  
  148  10:21  High Templar x4  
  152  10:25  Archon  
  152  10:27  Archon  
  156  10:34  Pylon  
  156  10:35  Pylon  
  156  10:39  Stalker  
  157  10:49  Stalker  
  157  10:53  High Templar  
  157  10:54  Zealot x6, High Templar  
  157  10:56  Zealot  
  172  10:58  Archon  
  168  11:10  Zealot  
  149  11:16  Zealot  
  149  11:17  Zealot x5  
  147  11:20  Stalker  
  131  11:28  Observer  
  131  11:31  Zealot x4  
  127  11:39  Sentry x6  
  135  11:58  High Templar x3  
  135  11:59  High Templar  
  141  12:02  Archon  
  141  12:08  Zealot x6, Archon  
  131  12:22  Warp Prism (Chrono Boost)  
  131  12:29  Stalker  
  131  12:30  Stalker x7  
  131  12:34  Zealot  
  147  12:43  Stalker x2  
  149  12:52  Observer  
  149  12:53  High Templar  
  149  12:54  Zealot x5, High Templar  
  161  12:59  Archon  
  155  13:07  Stalker x4  
  157  13:16  Stalker x4  
  159  13:35  Zealot x3  
  159  13:36  Zealot x4  
  159  13:38  Observer (Chrono Boost)  
  159  13:39  Photon Cannon  
  174  13:44  Zealot x2, High Templar x2  
  182  13:48  Archon  
  182  13:52  Zealot x3  
  188  14:07  Pylon x2  
  188  14:09  Pylon  
  184  14:16  Stalker x2  
  188  14:27  Observer  
  188  14:28  Stalker x7  
  188  14:37  Stalker x2  
  166  14:40  Observer  
  166  14:41  Observer  
  166  14:44  Stalker x2  
  142  14:53  Zealot x3  
  142  14:59  Stalker x2  
  122  15:09  High Templar x4  
  122  15:13  Archon  
  130  15:14  Archon  

Tags
 
Add a new tag
Caveats
  • Supply blocks, unpowered buildings, or Contaminate may cause inaccurate times.
  • Supply counts are checked every 10 seconds.